 Dungeon Crawl Stone Soup version 0.32-a0-485-g70f7560b1c (webtiles) character file.

Game seed: 7703407547519145817

1234 Strat the Cleaver (level 8, 0/70 HPs)
             Began as a Mountain Dwarf Fighter on Feb 26, 2024.
             Succumbed to a water moccasin's poison
             ... on level 6 of the Dungeon.
             The game lasted 00:09:35 (5185 turns).

Strat the Cleaver (Mountain Dwarf Fighter)          Turns: 5185, Time: 00:09:35

Health: 0/70       AC: 11    Str: 22    XL:     8   Next: 24%
Magic:  8/8        EV:  8    Int:  8    God:
Gold:   130        SH:  4    Dex:  9    Spells: 7/7 levels left

rFire   . . .        a - +0 war axe
rCold   . . .        c - +0 buckler
rNeg    . . .        h - +0 chain mail
rPois   .            s - +0 helmet
rElec   .            (no cloak)
rCorr   .            (no gloves)
SInv    .            (no boots)
Will    .....        (no amulet) Stlth
                     (no ring)
HPRegen 0.31/turn    (no ring)
MPRegen 0.11/turn

%: no passive effects
@: lethally poisoned (0 -> -6)
A: runic magic, artefact enchanting
a: no special abilities


You were on level 6 of the Dungeon.
You visited 1 branch of the dungeon, and saw 6 of its levels.

You collected 292 gold pieces.
You spent 162 gold pieces at shops.

Inventory:

Hand Weapons
 a - a +0 war axe (weapon)
 r - a +0 morningstar
Missiles
 k - 6 javelins (quivered)
 p - 5 darts of dispersal
 q - 2 datura-tipped darts
 t - 2 poisoned darts
Armour
 c - a +0 buckler (worn)
 h - a +0 chain mail (worn)
 s - a +0 helmet (worn)
Wands
 n - a wand of digging (3)
Scrolls
 b - a scroll of immolation
 e - 2 scrolls of noise
 g - a scroll of enchant armour
 j - a scroll of silence
 l - a scroll of poison {unknown}
 m - 3 scrolls of brand weapon
 o - a scroll of teleportation
 u - 3 scrolls of fog
 v - a scroll of enchant weapon
 w - a scroll of blinking {unknown}
Potions
 d - a potion of heal wounds {unknown}
 i - a potion of brilliance {unknown}


   Skills:
 + Level 5.8 Fighting
 * Level 9.6 Axes
 + Level 5.8 Armour
 - Level 3.2 Shields


You had 7 spell levels left.
You didn't know any spells.
Your spell library contained the following spells:

 Spells                   Type           Power      Damage    Failure   Level
 Kiss of Death            Conj/Necr      0%         2d5       63%         1
 Call Imp                 Summ           0%         N/A       77%         2
 Mercury Vapours          Alch/Air       0%         N/A       77%         2
 Sublimation of Blood     Necr           0%         N/A       77%         2
 Confusing Touch          Hex            0%         N/A       94%         3
 Dazzling Flash           Conj/Hex       0%         N/A       94%         3
 Mephitic Cloud           Conj/Alch/Air  0%         N/A       94%         3
 Volatile Blastmotes      Fire/Tloc      0%         2d10      94%         3
 Dispel Undead            Necr           0%         3d6       100%        4
 Freezing Cloud           Conj/Ice/Air   0%         6-21      100%        5
 Conjure Ball Lightning   Conj/Air       0%         3x3d6     100%        6
 Starburst                Conj/Fire      0%         6d3       100%        6
 Summon Hydra             Summ           0%         N/A       100%        7
 Discord                  Hex            0%         N/A       100%        8
 Disjunction              Tloc           0%         N/A       100%        8
 Maxwell's Capacitive Co  Air            0%         ∞         100%        8


Dungeon Overview and Level Annotations

Branches:
Dungeon (6/15)
 Temple: D:4-7

Altars:
Fedhas
Gozag
Hepliaklqana
Kikubaaqudgha
Nemelex Xobeh
Qazlal
Ru
Trog
Wu Jian
Xom
The Shining One

Shops:
D:4 ?*

Annotations:
D:5 Sigmund


Innate Abilities, Weirdness & Mutations

Your spellcasting is much less encumbered by armour.
You can use scrolls of enchantment on lesser artefacts.


Message History

The ice beast barely misses you.
You barely miss the water moccasin. You slash the ice beast!
You kill the ice beast!
The water moccasin bites you but does no damage.
The water moccasin bites you.
* * * LOW HITPOINT WARNING * * *
You hit the water moccasin.
The water moccasin is moderately wounded.
The water moccasin closely misses you.
You barely miss the water moccasin.
The water moccasin is moderately wounded.
The water moccasin bites you but does no damage.
The water moccasin bites you.
* * * LOW HITPOINT WARNING * * *
You barely miss the water moccasin.
The water moccasin is moderately wounded.
The water moccasin bites you!
* * * LOW HITPOINT WARNING * * *
You are lethally poisoned!
The water moccasin poisons you!
You closely miss the water moccasin.
The water moccasin is lightly wounded.
* * * LOW HITPOINT WARNING * * *
You feel very sick. The water moccasin barely misses you.
The water moccasin bites you but does no damage.
You miss the water moccasin.
The water moccasin is lightly wounded.
* * * LOW HITPOINT WARNING * * *
You feel very sick.
The water moccasin bites you but does no damage.
You barely miss the water moccasin.
The water moccasin is lightly wounded.
* * * LOW HITPOINT WARNING * * *
You feel very sick. The water moccasin closely misses you.
The water moccasin bites you but does no damage.
You closely miss the water moccasin.
The water moccasin is lightly wounded.
You die...

.. . ... ... ....
.....########## ##..
. .......@S.<÷.)##
... ..
.....########..###.#
... ... ##....S#..<.
. #..........
#..........
#.....##### #.....##
........# .###...##


You could see a water moccasin.

Vanquished Creatures
  Grinder (D:5)
  2 black bears (D:5)
  An ice beast (D:6)
  A centaur (D:6)
  Blork the orc (D:5)
  2 scorpions (D:5)
  A bombardier beetle (D:4)
  4 hounds
  Terence (D:2)
  3 iguanas
  An orc wizard (D:4)
  7 gnolls
  5 adders
  2 white imps
  An ufetubus (D:6)
  A ribbon worm (D:3)
  7 orcs
  10 endoplasms
  6 goblins
  4 hobgoblins
  5 jackals
  7 kobolds
  5 quokkas
  9 ball pythons
  6 bats
  A frilled lizard (D:2)
  6 rats
  A spectral hobgoblin (D:4)
101 creatures vanquished.

Notes
Turn   | Place    | Note
-------+----------+-------------------------------------------
     0 | D:1      | Strat the Mountain Dwarf Fighter began the quest for the
                  | Orb.
     0 | D:1      | Reached XP level 1. HP: 19/19 MP: 1/1
    98 | D:1      | Reached skill level 3 in Axes
   167 | D:1      | Reached XP level 2. HP: 26/26 MP: 2/2
   429 | D:1      | Reached skill level 4 in Axes
   625 | D:1      | Reached XP level 3. HP: 28/31 MP: 3/3
  1007 | D:2      | Noticed Terence
  1029 | D:2      | Killed Terence
  1030 | D:2      | Reached skill level 5 in Axes
  1030 | D:2      | Reached XP level 4. HP: 19/38 MP: 4/4
  1480 | D:3      | Found an ancient bone altar of Kikubaaqudgha.
  1618 | D:3      | Found a faded altar of an unknown god.
  1880 | D:3      | Found an ornate altar of the Wu Jian Council.
  1962 | D:3      | Reached skill level 6 in Axes
  2097 | D:3      | Found an opulent altar of Gozag.
  2097 | D:3      | Found a sparkling altar of Nemelex Xobeh.
  2171 | D:4      | Found Raukh's Lightly-Used Armoury.
  2178 | D:4      | Found a shimmering altar of Xom.
  2270 | D:4      | Reached XP level 5. HP: 44/45 MP: 5/5
  2323 | D:4      | Found a hazy altar of Hepliaklqana.
  2459 | D:4      | Found Rietibli's Magic Scroll Shoppe.
  2462 | D:4      | Bought a scroll of teleportation for 39 gold pieces
  2462 | D:4      | Bought a scroll of identify for 26 gold pieces
  2462 | D:4      | Bought a scroll of enchant weapon for 97 gold pieces
  2731 | D:4      | Found a glowing golden altar of the Shining One.
  2749 | D:4      | Reached XP level 6. HP: 32/52 MP: 6/6
  2754 | D:4      | Reached skill level 7 in Axes
  3180 | D:4      | You fall into a shaft and drop 1 floor!
  3180 | D:5      | Entered Level 5 of the Dungeon
  3180 | D:5      | Found a blossoming altar of Fedhas.
  3208 | D:5      | Noticed Blork the orc
  3228 | D:5      | Killed Blork the orc
  3500 | D:5      | Found a stormy altar of Qazlal.
  3546 | D:5      | Reached XP level 7. HP: 60/60 MP: 7/7
  3644 | D:5      | Reached skill level 8 in Axes
  3719 | D:5      | Found a bloodstained altar of Trog.
  4069 | D:5      | Noticed Grinder
  4144 | D:5      | Noticed Sigmund
  4178 | D:5      | Reached skill level 5 in Fighting
  4178 | D:5      | Reached skill level 5 in Armour
  4528 | D:5      | Paralysed by Grinder for 5 turns
  4541 | D:5      | Killed Grinder
  4542 | D:5      | Reached skill level 9 in Axes
  4542 | D:5      | Reached XP level 8. HP: 61/69 MP: 8/8
  4714 | D:5      | Found a sacrificial altar of Ru.
  5184 | D:6      | HP: 2/70 [poisoned by a water moccasin]
  5185 | D:6      | Succumbed to a water moccasin's poison

Illustrated notes

Levels and vault maps discovered:
D:1:      moated_graveyard_arrival, layout_loops_corners,
          hangedman_decor_points, minmay_misc_feat_plants
D:2:      layout_rooms, uniq_terence
D:3:      layout_loops_cross, nicolae_wu_jian_wuxing_cycle,
          mainiacjoe_overflow_boulevard, grunt_temple_overflow_opulence,
          nicolae_ecumenical_snake_handling, serial_glass, glass_columns_a,
          glass_columns_a, glass_columns_a, glass_columns_b, glass_columns_c,
          glass_columns_b, glass_columns_b, glass_columns_a, glass_columns_b,
          glass_columns_a, chequers_arboretum
D:4:      layout_loops_cross, mainiacjoe_overflow_tiny_flanked,
          nicolae_hepliaklqana_monster_ancestors, mainiacjoe_overflow_catwalk,
          serial_shops, nicolae_shop_real_fake_doors, minmay_shop_damaged
D:5:      layout_basic, kennysheep_little_box,
          mainiacjoe_overflow_large_starburst,
          mainiacjoe_overflow_surrounded_room, corexii_corridor_pit,
          uniq_grinder, uniq_blork_the_orc, uniq_sigmund
D:6:      layout_rooms, minmay_misc_feat_secret_circle

Skill      XL: |  1  2  3  4  5  6  7 |
---------------+----------------------+-----
Axes           | 3 4 5 6 7 9 |  9.6
Fighting       | 4 5 |  5.8
Armour         | 4 5 |  5.8
Shields        | |  3.2

Action                     |  1- 3 |  4- 6 |  7- 9 || total
---------------------------+-------+-------+-------++-------
  Melee: War axe           |   112 |   150 |   117 ||   379
    Use: Potion            |       |     1 |     4 ||     5
         Scroll            |       |     8 |     4 ||    12
 Armour: Scale mail        |    31 |       |       ||    31
         Chain mail        |    67 |   110 |   162 ||   339
  Dodge: Dodged            |    49 |    55 |    66 ||   170
  Block: Buckler           |    18 |    30 |    24 ||    72

Table legend: (Time is in decaauts)
 A = Elapsed time spent in this place.
 B = Non-inter-level travel time spent in this place.
 C = Inter-level travel time spent in this place.
 D = Time resting spent in this place.
 E = Time spent auto-exploring this place.
 F = Levels seen in this place.
 G = Mean time per level.
                   A        B        C        D        E       F      G
               +--------+--------+--------+--------+--------+-----+--------+
         Total |   5272 |   5020 |    252 |    783 |   2947 |   6 |  878.7 |
       Dungeon |   5272 |   5020 |    252 |    783 |   2947 |   6 |  878.7 |
               +--------+--------+--------+--------+--------+-----+--------+

Top non-repeatable levels by time:
     D:5: 1639 daAuts
     D:4: 1263 daAuts
     D:1: 928 daAuts
     D:3: 755 daAuts
     D:2: 536 daAuts
     D:6: 148 daAuts
